 Dungeon Crawl Stone Soup version 0.31-a0-986-g5e6e4ef867 (webtiles) character file.

Game seed: 2022243586241840007

288 sammy202020 the Changeling (level 6, -2/47 HPs)
             Began as a Merfolk Shapeshifter on Nov 11, 2023.
             Was an Initiate of Hepliaklqana.
             Slain by Edmund
             ... wielding a +1 heavy flail
              (18 damage)
             ... on level 5 of the Dungeon.
             The game lasted 00:03:45 (3527 turns).

sammy202020 the Changeling (Merfolk Shapeshifter)   Turns: 3527, Time: 00:03:45

Health: -2/47      AC:  6    Str: 14    XL:     6   Next: 31%
Magic:  6/6        EV: 13    Int: 12    God:    Hepliaklqana [......]
Gold:   133        SH:  0    Dex: 19    Spells: 5/5 levels left

rFire   + .          .
                       - Unarmed
rCold   . . .        (no shield)
rNeg    . . .        p - +3 leather armour
rPois   .            (helmet currently unavailable)
rElec   .            (cloak currently unavailable)
rCorr   .            (gloves currently unavailable)
SInv    .            (boots currently unavailable)
Will    .....        (no amulet)
Stlth   +            j - ring of protection from fire
HPRegen 0.27/turn    m - +6 ring of dexterity
MPRegen 0.10/turn

%: no passive effects
@: beast-form
A: beast (slay +3), (nimble swimmer 2), mertail
a: Begin Untransformation, Renounce Religion


You were on level 5 of the Dungeon.
You worshipped Hepliaklqana.
Hepliaklqana was noncommittal.
You were a hulking beast.
You visited 2 branches of the dungeon, and saw 6 of its levels.

You collected 133 gold pieces.

Inventory:

Missiles
 t - a throwing net
Armour
 a - a +0 animal skin
 p - a +3 leather armour (worn)
Jewellery
 j - a ring of protection from fire (left hand)
 m - a +6 ring of dexterity (right hand)
Talismans
 c - a beast talisman
 d - a flux talisman
Scrolls
 g - a scroll of teleportation
 r - a scroll of brand weapon
Potions
 b - a potion of lignification
 e - a potion of resistance {unknown}
 f - 3 potions of curing
 h - a potion of attraction {unknown}
 i - 2 potions of magic
 k - a potion of enlightenment {unknown}
 l - a potion of invisibility {unknown}
 n - a potion of mutation {unknown}


   Skills:
 * Level 3.3 Fighting
 + Level 1.3 Armour
 + Level 3.9 Dodging
 * Level 4.6 Unarmed Combat
 * Level 5.4 Shapeshifting


You had 5 spell levels left.
You didn't know any spells.
Your spell library contained the following spells:

 Spells                   Type           Power      Damage    Failure   Level
 Magic Dart               Conj           0%         1d3       38%         1
 Call Imp                 Summ           0%         N/A       52%         2
 Mephitic Cloud           Conj/Pois/Air  0%         N/A       77%         3
 Tukima's Dance           Hex            0%         N/A       77%         3
 Dimensional Bullseye     Hex/Tloc       0%         N/A       99%         4
 Iskenderun's Mystic Bla  Conj/Tloc      0%         2d3       99%         4


Dungeon Overview and Level Annotations

Branches:
Dungeon (5/15)             Temple (1/1) D:5

Altars:
Ashenzari
Cheibriados
Dithmenos
Elyvilon
Fedhas
Hepliaklqana
Okawaru
Qazlal
Ru
Trog
Vehumet
Xom
The Shining One

Annotations:
D:1 1 transporter
D:5 Edmund


Innate Abilities, Weirdness & Mutations

You are a hulking beast.
Your limbs bulge with bestial killing power. (Slay +3)
((You are very nimble when in or above water. (Stealth+, EV+, Speed+++)))
Your lower body shifts to a powerful aquatic tail in water.


Message History

You closely miss Edmund.
Edmund is severely wounded.
The quokka bites you but does no damage.
Edmund hits you with a +1 heavy flail!
* * * LOW HITPOINT WARNING * * *
You are too injured to fight recklessly!
You are too injured to fight recklessly!
You are too injured to fight recklessly!
You are too injured to fight recklessly!
You are too injured to fight recklessly!
You are too injured to fight recklessly!
You are too injured to fight recklessly!
You are too injured to fight recklessly!
You are too injured to fight recklessly!
You are too injured to fight recklessly!
You are too injured to fight recklessly!
You are too injured to fight recklessly!
You are too injured to fight recklessly!
You are too injured to fight recklessly!
You are too injured to fight recklessly!
You are too injured to fight recklessly!
You are too injured to fight recklessly!
You are too injured to fight recklessly!
You are too injured to fight recklessly!
You feel better. The quokka bites you. Edmund hits you but does no damage.
You hit Edmund.
Edmund is severely wounded.
The quokka misses you. The quokka barely misses you.
You hit Edmund.
Edmund is severely wounded.
Edmund barely misses you. The quokka barely misses you.
You hit Edmund but do no damage.
Edmund is severely wounded.
The quokka bites you but does no damage.
You hit Edmund.
Edmund is almost dead.
Edmund says, "What use are spells, anyway?"
Edmund hits you with a +1 heavy flail!!
You die...
Edmund says, "That'll show my brother!"

... #.# #.# #.# .#
#.# .# #.# ## ..##
##########r##...#
.... ..........h@..#
...# #####..####.# .#
##.#####.#
#.########.........
#>.....#...#......#
########....##......#
.########...#.....#.#
.#...##..............
...8....####........#


You could see Edmund and a quokka.

Vanquished Creatures
  A jelly (D:5)
  2 hounds (D:4)
  An iguana (D:4)
  Natasha (thrice) (D:2)
  4 adders
  A worm (D:2)
  A dart slug (D:2)
  6 ball pythons
  9 endoplasms
  5 giant cockroaches
  9 goblins
  3 hobgoblins
  4 kobolds
  3 quokkas
  10 bats
  2 frilled lizards
  2 rats
66 creatures vanquished.

Notes
Turn   | Place    | Note
-------+----------+-------------------------------------------
     0 | D:1      | sammy202020 the Merfolk Shapeshifter began the quest for
                  | the Orb.
     0 | D:1      | Reached XP level 1. HP: 15/15 MP: 1/1
   138 | D:1      | Reached XP level 2. HP: 20/21 MP: 2/2
   432 | D:1      | You fall into a shaft and drop 1 floor!
   649 | D:2      | Reached XP level 3. HP: 27/27 MP: 3/3
   813 | D:2      | Noticed Natasha
   819 | D:2      | Killed Natasha
   820 | D:2      | Reached XP level 4. HP: 33/33 MP: 4/4
   879 | D:2      | Noticed Natasha
   887 | D:2      | Killed Natasha
  1054 | D:2      | Noticed Natasha
  1061 | D:2      | Killed Natasha
  1062 | D:2      | Reached XP level 5. HP: 39/39 MP: 5/5
  1595 | D:3      | Reached skill level 1 in Armour
  1634 | D:3      | Reached skill level 5 in Shapeshifting
  2143 | D:4      | Found a radiant altar of Vehumet.
  2240 | D:4      | Found a sacrificial altar of Ru.
  2783 | D:4      | Found a bloodstained altar of Trog.
  2881 | D:4      | Reached XP level 6. HP: 18/47 MP: 6/6
  3288 | D:5      | Entered Level 5 of the Dungeon
  3319 | D:5      | Found a staircase to the Ecumenical Temple.
  3378 | Temple   | Entered the Ecumenical Temple
  3398 | Temple   | Became a worshipper of Hepliaklqana the Forgotten
  3511 | D:5      | Noticed Edmund
  3527 | D:5      | Slain by Edmund

Illustrated notes

Levels and vault maps discovered:
D:1:      spicycebolla_arrival_transporter_tutorial, layout_basic,
          shapermc_ecumenical_altar_totnotflames
D:2:      layout_loops_ring, uniq_natasha
D:3:      layout_basic
D:4:      layout_layer_cave, mainiacjoe_overflow_catwalk,
          grunt_temple_overflow_open
D:5:      layout_rooms, mainiacjoe_overflow_large_starburst,
          minmay_temple_entry_antechambers, roderic_batcave, uniq_edmund
Temple:   nicolae_temple_bog_church

Skill      XL: |  1  2  3  4  5 |
---------------+----------------+-----
Dodging        | 3 |  3.9
Fighting       | 2 3 |  3.3
Unarmed Combat | 4 |  4.6
Armour         | 1 |  1.3
Shapeshifting  | 5 |  5.4

Action                     |  1- 3 |  4- 6 || total
---------------------------+-------+-------++-------
  Melee: Unarmed           |    65 |   131 ||   196
         Tailslap          |     1 |       ||     1
         Punch             |       |     2 ||     2
    Use: Scroll            |       |     8 ||     8
         Potion            |       |     1 ||     1
   Stab: Sleeping          |     1 |     3 ||     4
 Armour: Animal skin       |    41 |     8 ||    49
         Leather armour    |       |    49 ||    49
  Dodge: Dodged            |    47 |    89 ||   136

Table legend: (Time is in decaauts)
 A = Elapsed time spent in this place.
 B = Non-inter-level travel time spent in this place.
 C = Inter-level travel time spent in this place.
 D = Time resting spent in this place.
 E = Time spent auto-exploring this place.
 F = Levels seen in this place.
 G = Mean time per level.
                   A        B        C        D        E       F      G
               +--------+--------+--------+--------+--------+-----+--------+
         Total |   3506 |   3432 |     74 |    132 |   2652 |   6 |  584.3 |
       Dungeon |   3440 |   3366 |     74 |    132 |   2652 |   5 |  688.0 |
        Temple |     65 |     65 |      0 |      0 |      0 |   1 |   65.0 |
               +--------+--------+--------+--------+--------+-----+--------+

Top non-repeatable levels by time:
     D:4: 1164 daAuts
     D:2: 858 daAuts
     D:3: 820 daAuts
     D:1: 427 daAuts
     D:5: 171 daAuts
  Temple: 65 daAuts
